 Dungeon Crawl Stone Soup version 0.30-a0-793-g160f7cfddd (console) character file.

Game seed: 10243556950238668229

142783 petzl the Thaumaturge (level 17, 0/112 (131) HPs)
             Began as a Formicid Delver on Feb 19, 2023.
             Was a High Priest of Vehumet.
             Killed by angry trees
             ... awakened by a spriggan druid
              (5 damage)
             ... on level 2 of the Swamp on Feb 20, 2023.
             The game lasted 03:35:40 (36596 turns).

petzl the Thaumaturge (Formicid Delver)            Turns: 36596, Time: 03:35:41

HP:   0/112 (131)   AC: 11    Str: 17    XL:     17   Next: 97%
MP:   34/34         EV: 17    Int: 18    God:    Vehumet [*****.]
Gold: 1284          SH: 17    Dex: 15    Spells: 7/43 levels left

rFire   . . .      SeeInvis +    b - +3 longbow (flame)
rCold   + . .      Faith    .    S - +5 Storm Queen's Shield {shock, Fly rElec}
rNeg    . . .      Spirit   .    i - +3 leather armour {rC+}
rPois   .          Reflect  .    (helmet unavailable)
rElec   +          Harm     .    Z - scarf {+Inv}
rCorr   .          Rampage  .    V - +0 pair of gloves
Will    +....                    F - +0 pair of boots
Stlth   +++++                    k - amulet of the acrobat
HPRegen 0.38/turn                r - +4 ring of protection
MPRegen 0.24/turn                t - +5 ring of evasion

@: flying, heavily drained
A: permanent stasis, dig shafts and tunnels, antennae 3, four strong arms,
deformed body
a: Dig, Shaft Self, Renounce Religion, Evoke Invisibility


You were on level 2 of the Swamp.
You worshipped Vehumet.
Vehumet was extremely pleased with you.
You visited 7 branches of the dungeon, and saw 28 of its levels.
You visited the Abyss 1 time.
You also visited: Ice Cave.

You collected 3409 gold pieces.
You spent 2125 gold pieces at shops.

Inventory:

Hand Weapons
 a - the +10 dagger "Kejorud" {venom, Fly rF++ rCorr, !f =f}
   (You found it on level 3 of the Dungeon)

   rF:        It greatly protects you from fire.
   Fly:       It grants you flight.
   rCorr:     It protects you from acid and corrosion.
 b - a +3 longbow of flaming (weapon)
 c - a +3 scimitar of flaming
 e - a +4 quarterstaff of chaos
 y - a +2 hand axe of electrocution {!f =f}
 R - a +2 shortbow of electrocution
Missiles
 l - 5 curare-tipped darts
 X - a throwing net
 Y - 4 silver javelins
Armour
 i - a +3 leather armour of cold resistance (worn)
 q - a +2 ring mail of fire resistance
 F - a +0 pair of boots (worn)
 S - the +5 Storm Queen's Shield (worn) {shock, Fly rElec}
   (You found it on level 10 of the Dungeon)

   Shock:     When it blocks an attack, it may electrocute the attacker.
   This works even against foes who are a short distance away.
   rElec:     It insulates you from electricity.
   Fly:       It grants you flight.
 V - a +0 pair of gloves (worn)
 Z - a scarf of invisibility (worn)
Jewellery
 k - an amulet of the acrobat (around neck)
 o - an amulet of reflection
 r - a +4 ring of protection (left hand)
 t - a +5 ring of evasion (right hand)
Wands
 f - a wand of digging (2)
 m - a wand of paralysis (13)
 p - a wand of mindburst (23)
 w - a wand of flame (58)
 z - a wand of light (2)
 B - a wand of polymorph (6)
 E - a wand of iceblast (2)
Scrolls
 d - a scroll of magic mapping
 j - 2 scrolls of poison
 s - a scroll of immolation
 u - a scroll of silence
 x - a scroll of identify
 D - a scroll of amnesia
 G - a scroll of torment
 Q - a scroll of fear
 W - 5 scrolls of fog
Potions
 g - 3 potions of brilliance
 h - 6 potions of heal wounds
 n - 4 potions of might
 v - 5 potions of curing
 C - 4 potions of flight
 H - a potion of magic
 I - 2 potions of lignification
 M - 3 potions of resistance
Miscellaneous
 A - a phial of floods


   Skills:
 - Level 11.2 Fighting
 - Level 2.0 Short Blades
 - Level 2.0 Maces & Flails
 - Level 3.0 Ranged Weapons
 - Level 4.0 Armour
 - Level 4.0 Dodging
 - Level 12.0 Stealth
 - Level 12.0 Shields
 - Level 13.9 Spellcasting
 - Level 13.7 Conjurations
 - Level 5.0 Summonings
 + Level 6.5 Necromancy
 + Level 6.4 Translocations
 - Level 7.4 Fire Magic
 - Level 3.8 Ice Magic
 - Level 6.0 Air Magic
 - Level 6.0 Poison Magic
 - Level 5.2 Evocations


You had 7 spell levels left.
You knew the following spells:

 Your Spells              Type           Power      Damage    Failure   Level
a - Poisonous Vapours     Pois/Air       68%        N/A       1%          2
b - Stone Arrow           Conj/Erth      74%        3d11      1%          3
g - Passage of Golubria   Tloc           35%        N/A       8%          4
l - Freezing Cloud        Conj/Ice/Air   20%        6-21      3%          5
m - Mephitic Cloud        Conj/Pois/Air  43%        N/A       1%          3
o - Orb of Destruction    Conj           29%        9d9       9%          7
s - Sticky Flame          Conj/Fire      50%        2d7       1%          4
u - Sublimation of Blood  Necr           36%        N/A       1%          2
A - Ozocubu's Armour      Ice            26%        N/A       7%          3
U - Call Canine Familiar  Summ           30%        N/A       4%          3

Your spell library contained the following spells:

 Spells                   Type           Power      Damage    Failure   Level
 Spellforged Servitor     Conj/Summ      23%        N/A       43%         7
 Magic Dart               Conj           100%       1d8       1%          1
 Shock                    Conj/Air       100%       1d9       1%          1
 Summon Small Mammal      Summ           100%       N/A       1%          1
 Cigotuvi's Dreadful Rot  Necr/Pois/Air  68%        N/A       1%          2
 Lesser Beckoning         Tloc           70%        N/A       1%          2
 Scorch                   Fire           78%        2d8       1%          2
 Searing Ray              Conj           100%       2d8       1%          2
 Inner Flame              Hex/Fire       26%        N/A       1%          3
 Airstrike                Air            17%        2d(3-19)  2%          4
 Dispel Undead            Necr           36%        3d15      8%          4
 Manifold Assault         Tloc           35%        N/A       8%          4
 Portal Projectile        Hex/Tloc       48%        N/A       9%          3
 Spider Form              Tmut/Pois      23%        N/A       10%         3
 Beastly Appendage        Tmut           24%        N/A       11%         1
 Summon Guardian Golem    Hex/Summ       21%        N/A       12%         3
 Wereblood                Tmut           12%        N/A       17%         2
 Summon Ice Beast         Ice/Summ       28%        N/A       17%         4
 Animate Armour           Summ/Erth      42%        N/A       36%         4
 Borgnjor's Vile Clutch   Necr/Erth      12%        N/A       61%         5
 Alistair's Intoxication  Tmut/Pois      15%        N/A       65%         5
 Silence                  Hex/Air        11%        N/A       65%         5
 Cause Fear               Hex            6%         N/A       73%         4
 Leda's Liquefaction      Hex/Erth       6%         N/A       73%         4
 Eringya's Noxious Bog    Tmut/Pois      11%        N/A       73%         6
 Death Channel            Necr           18%        N/A       75%         6
 Dispersal                Tloc           17%        N/A       75%         6
 Ozocubu's Refrigeration  Ice            13%        4d10      98%         7
 Discord                  Hex            6%         N/A       100%        8
 Disjunction              Tloc           17%        N/A       100%        8
 Lehudib's Crystal Spear  Conj/Erth      18%        10d6      100%        8
 Blink                    Tloc           Unusable   N/A       N/A         2
 Swiftness                Air            Unusable   N/A       N/A         3

Dungeon Overview and Level Annotations

Branches:
Dungeon (15/15)            Temple (1/1) D:5            Lair (5/5) D:9
  Swamp (3/4) Lair:3        Snake (0/4) Lair:2        Slime (0/5) Lair:4
    Orc (2/2) D:10            Elf (1/3) Orc:2        Vaults (0/5) D:14
 Depths (1/4) D:15          IceCv (visited)

Altars:
Ashenzari
Cheibriados
Dithmenos
Elyvilon
Fedhas
Gozag
Hepliaklqana
Kikubaaqudgha
Makhleb
Nemelex Xobeh
Okawaru
Qazlal
Ru
Sif Muna
Trog
Uskayaw
Vehumet
Wu Jian
Xom
Yredelemnul
Zin
The Shining One
Jiyva

Shops:
Orc:1 ?   Orc:2 *[:(

Annotations:
D:10 exclusions: 2 downstairs and ice statue
D:11 exclusion: downstairs
Lair:2 exclusions: downstairs and upstairs
Lair:5 1 runed translucent door
Swamp:1 Louise
Swamp:2 exclusion: 3 downstairs


Innate Abilities, Weirdness & Mutations

You cannot be hasted, slowed, berserked, paralysed or teleported.
You can dig through walls and to a lower floor.
You have a pair of large antennae on your head. (SInv)
Your four strong arms can wield two-handed weapons with a shield.
Armour fits poorly on your strangely shaped body.


Message History

You fly downwards.
The five-headed hydra bites you!
You block the five-headed hydra's attack.
The five-headed hydra bites you.
You block the five-headed hydra's attack.
Your shield discharges, shocking the five-headed hydra!
The five-headed hydra barely misses you.
You block the six-headed hydra's attack.
Your shield discharges, shocking the six-headed hydra!
You block the six-headed hydra's attack.
Your shield discharges, shocking the six-headed hydra!
The six-headed hydra bites you! The six-headed hydra bites you.
The six-headed hydra misses you. The six-headed hydra bites you!
You block the five-headed hydra's attack.
The five-headed hydra bites you. The five-headed hydra bites you!
The five-headed hydra bites you but does no damage.
The five-headed hydra bites you.
There is a stone staircase leading up, spattered with blood here.
The six-headed hydra bites you. The six-headed hydra bites you! x2
You block the six-headed hydra's attack. x2
The six-headed hydra bites you.
* * * LOW HITPOINT WARNING * * *
The spriggan druid mumbles some strange words.
The forest starts to sway and rumble!
You block the five-headed hydra's attack.
Your shield discharges, shocking the five-headed hydra!
The five-headed hydra bites you!
* * * LOW HITPOINT WARNING * * *
The five-headed hydra bites you!
* * * LOW HITPOINT WARNING * * *
The five-headed hydra bites you but does no damage.
The five-headed hydra bites you.
* * * LOW HITPOINT WARNING * * *
You fly upwards.
The forest abruptly stops moving.
Level annotation: exclusion: 3 downstairs
There is a stone staircase leading down here.
As you read the scroll of fear, it crumbles to dust.
You assume a fearsome visage.
The six-headed hydra looks frightened!
The spriggan druid resists with some effort.
The five-headed hydra looks frightened!
A root smacks you from below.
You die...

♣♣.........~~.
♣♣♣♣♣♣♣.♣♣... ♣....~.
♣♣....~♣ ♣♣.♣♣~..♣
♣.♣♣♣♣... ♣♣♣♣♣♣♣...
♣♣.....♣♣.. ♣..~≈~.~≈~.
♣♣♣..≈≈~.~≈≈.
♣♣.♣..≈≈~~~≈≈~
♣♣.~♣..≈≈~.≈≈≈.
♣...♣...≈~~~≈~.
♣♣~♣♣♣..♣♣.....
♣♣♣♣♣..~.♣...♣♣♣♣♣♣
♣♣~♣♣..~.~♣...♣...~~
♣♣♣iD.♣~..~..~~..~..~.
♣♣§.♣@D~~.~..~~~......~
♣~~..♣~....~~.~.....~..
♣♣..♣♣♣.~§...~~....~~.~
♣...♣~..~.§~....~.....
♣..~~..~.~~......~....
♣♣..~~~....~.~~.~..§~.
♣~~.~~~~.....~~.~~....
♣♣.♣♣~♣♣~.~.♣♣~.♣§.~..
♣♣♣♣♣♣♣♣♣♣♣♣♣♣♣♣♣♣♣♣♣


You could see a six-headed hydra (fleeing), a five-headed hydra (fleeing) and a
spriggan druid.

Vanquished Creatures
  Frances (D:12)
  Kirke (D:13)
  Roxanne (Swamp:1)
  A deep elf sorcerer (Elf:1)
  3 orc warlords
  A stone giant (Orc:2)
  3 eleionomae
  Nessos (D:12)
  A bunyip (Swamp:1)
  Snorg (D:14)
  3 ettins (Orc:2)
  A catoblepas (Lair:1)
  2 ogre magi (D:15)
  A rakshasa (Abyss:2)
  11 hydras
  A ghost crab (Swamp:3)
  3 alligators
  6 centaur warriors
  2 death knights
  12 two-headed ogres
  A dancing weapon (Elf:1)
  3 boulder beetles
  A tengu warrior (D:15)
  A spriggan berserker (Swamp:3)
  2 deep elf knights
  Sonja (D:11)
  4 orc high priests
  Nergalle (D:10)
  Lodul (D:13)
  A skeletal warrior (D:13)
  2 skysharks
  A glowing orange brain (Abyss:2)
  2 goliath frogs (Swamp:2)
  4 spriggan druids
  3 swamp dragons (Swamp:2)
  A death drake (Abyss:2)
  Pikel (D:8)
  3 bog bodies
  2 wizards
  3 lindwurms (Lair:5)
  8 deep elf zephyrmancers
  6 orc knights
  6 deep elf pyromancers
  8 orc sorcerers
  6 ugly things
  A necromancer (D:15)
  A mana viper (Abyss:2)
  A salamander (Lair:2)
  10 cyclopes
  A will-o-the-wisp (Swamp:2)
  5 manticores
  9 elephants
  A naga mage (D:15)
  2 black mambas
  Joseph (D:8)
  5 torpor snails
  Maurice (D:9)
  A smoke demon (Abyss:2)
  A kobold demonologist (D:14)
  8 cane toads
  A gargoyle (D:13)
  4 komodo dragons
  9 rime drakes
  An ancient zyme (Abyss:2)
  An unseen horror (D:12)
  4 freezing wraiths
  2 efreet
  A polar bear (shapeshifter) (D:13)
  4 ice devils (D:10)
  2 centaur skeletons (D:15)
  A harpy zombie (D:15)
  A troll (shapeshifter) (D:12)
  A hellwing (Abyss:2)
  14 hornets
  4 trolls
  5 polar bears
  21 blink frogs
  11 tyrant leeches
  A harpy skeleton (D:15)
  5 dream sheep (Lair:1)
  14 slime creatures
  2 vampires (D:12)
  8 spriggans
  A water elemental (Abyss:2)
  4 air elementals (Elf:1)
  4 wyverns
  4 wraiths
  A spriggan (shapeshifter) (D:14)
  3 shadows
  3 large abominations (Abyss:2)
  A fire bat (Abyss:2)
  2 basilisks
  52 yaks
  Grum (D:8)
  A neqoxec (Abyss:2)
  4 hogs (D:13)
  A steam dragon (D:8)
  22 vampire mosquitoes
  5 small abominations (Abyss:2)
  Menkaure (D:4)
  5 wargs
  6 swamp worms
  10 water moccasins
  3 acid dragons
  A naga (shapeshifter) (D:15)
  Duvessa (D:4)
  3 ice beasts
  2 black bears
  40 orc warriors
  A swamp drake (Swamp:2)
  2 sky beasts
  A hornet zombie (D:15)
  22 ogres
  3 boggarts (D:15)
  9 centaurs
  23 wolves
  A lemure (D:8)
  Blork the orc (D:6)
  3 phantoms
  12 bullfrogs
  A gnoll sergeant (D:5)
  5 kobold brigands
  3 scorpions
  4 wights
  Dowan (D:4)
  3 killer bees
  2 howler monkeys (D:5)
  3 electric eels
  8 jellies
  A hound (D:5)
  18 orc priests
  Crazy Yiuf (D:7)
  Ijyb (D:4)
  5 hell rats (Lair:3)
  3 iguanas
  21 orc wizards
  8 adders
  8 gnolls (D:5)
  A shadow imp (D:7)
  3 white imps (D:6)
  9 ufetubi
  3 worms
  4 dart slugs
  72 orcs
  8 ball pythons
  9 bats
  2 endoplasms
  4 giant cockroaches
  4 hobgoblins
  8 jackals (D:4)
  9 kobolds
  5 quokkas
  7 frilled lizards
  4 goblins
  10 rats
810 creatures vanquished.

Vanquished Creatures (collateral kills)
  An orc wizard (D:11)
1 creature vanquished.

Vanquished Creatures (others)
  A deep elf pyromancer (D:14)
  A torpor snail (Lair:5)
  3 lava snakes (Lair:2)
  A jelly (D:6)
  3 bushes (Lair:3)
  4 foxfires (Swamp:2)
  32 fungi
  86 plants
131 creatures vanquished.

Grand Total: 942 creatures vanquished

Notes
Turn   | Place    | Note
-------+----------+-------------------------------------------
     0 | D:5      | petzl the Formicid Delver began the quest for the Orb.
     0 | D:5      | Reached XP level 1. HP: 18/18 MP: 1/1
    35 | D:6      | Noticed a jelly
    44 | D:6      | Killed a jelly
    68 | D:5      | Noticed an ogre
   138 | D:4      | Noticed a phantom
   154 | D:4      | Noticed Menkaure
   180 | D:4      | Noticed Duvessa
   183 | D:4      | Noticed Dowan
   204 | D:4      | Noticed a kobold brigand
   460 | D:3      | Reached skill level 1 in Spellcasting
   475 | D:3      | Reached XP level 2. HP: 24/24 MP: 2/4
   898 | D:1      | Reached XP level 3. HP: 29/29 MP: 6/6
  1926 | D:2      | Reached XP level 4. HP: 28/35 MP: 9/9
  2618 | D:2      | Learned a level 3 spell: Call Canine Familiar
  2769 | D:3      | Reached XP level 5. HP: 41/41 MP: 11/11
  2777 | D:3      | Found a faded altar of an unknown god.
  3211 | D:3      | Reached skill level 1 in Ranged Weapons
  3216 | D:3      | Reached skill level 1 in Summonings
  3249 | D:3      | Identified the +10 dagger "Kejorud" {venom, Fly rF++ rCorr}
  3324 | D:3      | Found an opulent altar of Gozag.
  3336 | D:3      | Found a hide-covered altar of Uskayaw.
  3438 | D:4      | Noticed Ijyb
  3519 | D:4      | Killed Menkaure
  3520 | D:4      | Reached skill level 1 in Short Blades
  3520 | D:4      | Reached XP level 6. HP: 26/47 MP: 11/13
  3671 | D:4      | Reached skill level 5 in Spellcasting
  3671 | D:4      | Reached XP level 7. HP: 35/52 MP: 14/14
  4400 | D:5      | Reached XP level 8. HP: 46/58 MP: 16/16
  4648 | D:5      | You are sucked into a shaft and drop 3 floors!
  4787 | D:7      | Reached skill level 5 in Summonings
  5061 | D:7      | Reached skill level 1 in Armour
  5061 | D:7      | Reached skill level 1 in Evocations
  5079 | D:7      | Reached XP level 9. HP: 61/65 MP: 19/19
  5386 | D:4      | Killed Dowan
  5397 | D:4      | You are sucked into a shaft and drop 1 floor!
  5669 | D:5      | Found a glowing golden altar of the Shining One.
  5681 | D:5      | Learned a level 3 spell: Mephitic Cloud
  5684 | D:5      | Learned a level 2 spell: Poisonous Vapours
  5886 | D:5      | Found a staircase to the Ecumenical Temple.
  5891 | Temple   | Entered the Ecumenical Temple
  5912 | Temple   | Became a worshipper of Vehumet
  6278 | D:6      | Found a white marble altar of Elyvilon.
  6533 | D:6      | Reached skill level 5 in Fighting
  6545 | D:6      | Reached XP level 10. HP: 46/74 MP: 21/21
  6806 | D:6      | Found a stormy altar of Qazlal.
  7088 | D:6      | Found an iron altar of Okawaru.
  7167 | D:6      | Noticed Blork the orc
  7176 | D:6      | Killed Blork the orc
  7813 | D:7      | Found a runed translucent door.
  7814 | D:7      | Noticed Crazy Yiuf
  7981 | D:7      | Killed Crazy Yiuf
  8150 | D:8      | Noticed Grum
  8279 | D:8      | Reached * piety under Vehumet
  8279 | D:8      | Offered knowledge of Magic Dart by Vehumet.
  8339 | D:8      | Noticed Joseph
  8346 | D:8      | Killed Joseph
  8347 | D:8      | Reached skill level 1 in Conjurations
  8347 | D:8      | Reached skill level 1 in Poison Magic
  8474 | D:8      | Found a bloodstained altar of Trog.
  8634 | D:8      | Reached skill level 1 in Air Magic
  8752 | D:8      | Noticed Pikel
  8765 | D:8      | Killed Pikel
  8939 | D:8      | Reached XP level 11. HP: 66/83 MP: 23/23
  9378 | D:8      | Killed Grum
  9755 | D:9      | Noticed Maurice
 10083 | D:9      | Found a staircase to the Lair.
 10142 | D:9      | You fall into a shaft and drop 1 floor!
 10142 | D:10     | Entered Level 10 of the Dungeon
 10287 | D:9      | Reached skill level 10 in Stealth
 10378 | D:9      | Offered knowledge of Static Discharge by Vehumet.
 10387 | D:9      | Reached ** piety under Vehumet
 10477 | D:9      | Noticed a two-headed ogre
 10487 | D:9      | Killed a two-headed ogre
 10632 | D:9      | Killed Maurice
 10921 | D:10     | Noticed Nergalle
 11609 | D:10     | Reached skill level 5 in Poison Magic
 11712 | D:10     | Reached skill level 5 in Conjurations
 12010 | D:10     | Found the +5 Storm Queen's Shield {shock, Fly rElec}
 12019 | D:10     | Noticed a two-headed ogre
 12099 | D:10     | Killed Nergalle
 12100 | D:10     | Reached skill level 1 in Shields
 12100 | D:10     | Reached XP level 12. HP: 73/92 MP: 20/25
 12105 | D:10     | Killed a two-headed ogre
 12362 | D:10     | Found a staircase to the Orcish Mines.
 12471 | D:10     | Offered knowledge of Kindle Blastsparks by Vehumet.
 12958 | D:10     | Reached *** piety under Vehumet
 12983 | D:11     | Found a white marble altar of Elyvilon.
 13359 | D:12     | Noticed a boulder beetle
 13392 | D:13     | Noticed Lodul
 13412 | D:13     | Killed Lodul
 13413 | D:13     | Reached skill level 5 in Shields
 13574 | D:13     | Noticed a centaur warrior
 13635 | D:13     | Reached skill level 10 in Spellcasting
 13678 | D:13     | Offered knowledge of Sticky Flame by Vehumet.
 13684 | D:13     | Learned a level 4 spell: Sticky Flame
 13757 | D:13     | Noticed a death knight
 13763 | D:13     | Noticed Kirke
 13765 | D:13     | Noticed a skeletal warrior
 14042 | D:12     | Noticed Frances
 14201 | D:11     | Noticed Sonja
 14215 | D:11     | Killed Sonja
 14216 | D:11     | Reached skill level 1 in Fire Magic
 14371 | D:11     | Noticed a two-headed ogre
 14403 | D:11     | Killed a two-headed ogre
 14404 | D:11     | Reached XP level 13. HP: 96/100 MP: 16/27
 14770 | Orc:1    | Entered Level 1 of the Orcish Mines
 14984 | Lair:1   | Entered Level 1 of the Lair of Beasts
 15023 | Lair:2   | Reached **** piety under Vehumet
 15335 | Lair:2   | Found a staircase to the Snake Pit.
 15488 | Lair:2   | Offered knowledge of Lee's Rapid Deconstruction by Vehumet.
 15983 | Lair:1   | Noticed a catoblepas
 16003 | Lair:1   | Killed a catoblepas
 16477 | Lair:1   | Got the Volume of Gaseous Wanderlust
 17131 | Lair:3   | Found a staircase to the Swamp.
 17248 | Lair:3   | Reached skill level 5 in Air Magic
 17430 | Lair:4   | Found a viscous altar of Jiyva.
 17430 | Lair:4   | Found a staircase to the Slime Pits.
 17474 | Lair:5   | Entered Level 5 of the Lair of Beasts
 17494 | Lair:5   | Noticed a seven-headed hydra
 17496 | Lair:5   | Noticed a seven-headed hydra
 17664 | Lair:4   | Reached skill level 5 in Fire Magic
 18517 | Lair:3   | Reached ***** piety under Vehumet
 18518 | Lair:3   | Reached XP level 14. HP: 108/109 MP: 19/28
 18585 | Lair:3   | Offered knowledge of Airstrike by Vehumet.
 19634 | Lair:2   | Reached skill level 10 in Shields
 19838 | Lair:4   | Reached skill level 10 in Fighting
 20405 | Lair:5   | Got Rose Sut's Guide on Discontinuous Confrontation
 20885 | Lair:5   | Identified the ring "Ziovvufue" {Ice Str-5 Dex+7 Slay+2}
 21034 | Lair:5   | Found a runed translucent door.
 22368 | D:4      | Killed Duvessa
 22375 | D:4      | Killed Ijyb
 22915 | D:12     | Noticed Nessos
 22919 | D:12     | You are sucked into a shaft and drop 3 floors!
 22919 | D:15     | Entered Level 15 of the Dungeon
 23090 | D:15     | Identified the +0 robe of Monotheism {+Blink rF+ Stlth+}
 23155 | D:15     | Reached XP level 15. HP: 99/116 MP: 24/29
 23338 | D:15     | Found a frozen archway.
 23348 | IceCv    | Entered an ice cave
 23395 | IceCv    | Reached skill level 5 in Evocations
 23740 | D:15     | Learned a level 7 spell: Orb of Destruction
 23879 | D:14     | Reached skill level 10 in Conjurations
 24336 | D:13     | Offered knowledge of Ozocubu's Refrigeration by Vehumet.
 24713 | D:12     | Killed Nessos
 25369 | D:12     | You are sucked into a shaft and drop 3 floors!
 25788 | D:14     | Noticed Snorg
 26242 | D:14     | Reached XP level 16. HP: 105/124 MP: 17/31
 26253 | D:14     | Found a gate to the Vaults.
 26652 | D:15     | Found a staircase to the Depths.
 26675 | Depths:1 | Entered Level 1 of the Depths
 27221 | D:15     | Offered knowledge of Starburst by Vehumet.
 27502 | D:14     | Killed Snorg
 27767 | D:13     | Killed Kirke
 28116 | D:12     | You are sucked into a shaft and drop 2 floors!
 28541 | D:12     | Killed Frances
 28686 | D:12     | Identified a scroll of acquirement
 28906 | Orc:1    | Found Isijesho's Magic Scroll Emporium.
 28915 | Orc:1    | Bought a scroll of magic mapping for 135 gold pieces
 29943 | Orc:1    | Learned a level 3 spell: Stone Arrow
 29982 | Orc:2    | Entered Level 2 of the Orcish Mines
 30162 | Orc:2    | Found Anal's General Store.
 30174 | Orc:2    | Bought a scroll of identify for 26 gold pieces
 30187 | Orc:2    | Found Voas Erch's Antique Armour Shop.
 30406 | Orc:2    | Found a staircase to the Elven Halls.
 30723 | Orc:2    | Found Vaocugri's Book Emporium.
 30724 | Orc:2    | Offered knowledge of Freezing Cloud by Vehumet.
 30776 | Orc:1    | Learned a level 5 spell: Freezing Cloud
 31152 | Orc:2    | Bought a book of the Moon for 520 gold pieces
 31152 | Orc:2    | Bought Hermetics Continued for 234 gold pieces
 31155 | Orc:2    | Learned a level 2 spell: Sublimation of Blood
 31160 | Orc:2    | Learned a level 4 spell: Passage of Golubria
 31211 | Orc:2    | Reached skill level 1 in Ice Magic
 31407 | Orc:2    | Reached skill level 1 in Translocations
 31453 | Orc:2    | Reached XP level 17. HP: 131/131 MP: 31/34
 31527 | Orc:2    | Found Tiphaan's Antique Weapon Emporium.
 31746 | Orc:2    | Bought a slimy flail for 229 gold pieces
 31746 | Orc:2    | Identified the +4 flail of the Present {heavy, Int+3} (You
                  | bought it in a shop on level 2 of the Orcish Mines)
 31783 | Orc:1    | Bought a scroll of identify for 36 gold pieces
 31783 | Orc:1    | Bought a scroll of identify for 36 gold pieces
 31783 | Orc:1    | Bought a scroll of enchant armour for 135 gold pieces
 31808 | Orc:2    | Bought Sif Muna's Compendium of the Arenous Glacier for 572
                  | gold pieces
 31812 | Orc:2    | Learned a level 3 spell: Ozocubu's Armour
 31854 | Elf:1    | Entered Level 1 of the Elven Halls
 31960 | Elf:1    | Reached skill level 1 in Necromancy
 32547 | Abyss:2  | Noticed a tentacled starspawn
 32654 | Abyss:2  | Noticed a tentacled starspawn
 32708 | Abyss:2  | Gained mutation: Armour fits poorly on your strangely
                  | shaped body. [a neqoxec]
 32752 | Abyss:2  | Noticed a tentacled starspawn
 33177 | Abyss:2  | Noticed an ancient lich
 33185 | Elf:1    | Escaped the Abyss
 33203 | Elf:1    | Offered knowledge of Spellforged Servitor by Vehumet.
 33372 | Orc:2    | Bought a shiny kite shield for 202 gold pieces
 33641 | Swamp:1  | Entered Level 1 of the Swamp
 34115 | Swamp:1  | Noticed Roxanne
 34123 | Swamp:1  | Noticed Louise
 34124 | Swamp:1  | Killed Roxanne
 34745 | Swamp:2  | Reached skill level 5 in Translocations
 34919 | Swamp:3  | Reached skill level 5 in Necromancy
 36594 | Swamp:3  | HP: 4/112 [five-headed hydra[a spriggan druid] (5)]
 36596 | Swamp:2  | Killed from afar by a spriggan druid

Illustrated notes

Levels and vault maps discovered:
D:1:      minmay_arrival_widening_spiral_narrow, layout_rooms,
          minmay_tree_intersection, chequers_serial_rivers_room_a,
          roderic_three_in_a_row, grunt_decor_fettered
D:2:      layout_basic
D:3:      layout_basic, amethyst_overflow_temple_binary,
          shapermc_ecumenical_altar_mp_urbaneastern, minmay_pentangle
D:4:      layout_loops_ring, uniq_ijyb, uniq_menkaure, uniq_duvessa
D:5:      layout_basic, temple_doors_e, nicolae_ossuary_entry_plus,
          minmay_ruined_shrine
D:6:      layout_basic, grunt_qazlal_clouds, mainiacjoe_overflow_tiny_flanked,
          mainiacjoe_overflow_chevrons, uniq_blork_the_orc
D:7:      layout_basic, uniq_crazy_yiuf_cottage
D:8:      layout_loops_ring, mainiacjoe_overflow_concentric_impassable,
          uniq_grum, uniq_joseph, uniq_pikel
D:9:      layout_basic, lair_entry_dummy, uniq_maurice
D:10:     cheibrodos_frozen_isle, layout_cave_pools, abandoned_shop,
          uniq_nergalle
D:11:     layout_roguey, serial_glass, glass_columns_b, glass_columns_c,
          elyvilon_altar_5, uniq_sonja
D:12:     layout_irregular_city, st_stairs_9, uniq_nessos, uniq_frances
D:13:     layout_basic, uniq_kirke, uniq_lodul
D:14:     layout_roguey, hangedman_vaults_entry_quadrant_bands,
          minmay_misc_feat_tower, uniq_snorg
D:15:     grunt_enter_depths_magical_seal, layout_basic, corexii_corridor_pit,
          portal_ice_cave_entry_horrid_things
Temple:   lightli_temple_of_artemis
Lair:1:   layout_cave_pods, dpeg_stationary_puzzle, grunt_megastairs_3,
          lemuel_fruit_tree
Lair:2:   layout_gridlike, nicolae_snake_entry_warm_welcome,
          infiniplex_staircase_pool_2
Lair:3:   layout_hall_layers, swamp_mist, infiniplex_staircase_pool
Lair:4:   layout_regular_city, slime_entry_1, wad_woods_road_05
Lair:5:   wormcave, layout_misc_corridors
Swamp:1:  nicolae_swamp_ascending_descending_big, layout_basic_swamp,
          serial_swamp_ruin, evilmike_swamp_ruin_house_5,
          evilmike_swamp_ruin_house_1, swamp_pool4, uniq_roxanne, uniq_louise,
          uniq_aizul
Swamp:2:  layout_falls_marsh, evilmike_swamp_ruin_rubble_2, swamp_pool3,
          nicolae_swamp_bloodsuckers_inc
Swamp:3:  layout_basic_swamp, hangedman_swamp_ruin_hall
Orc:1:    layout_caves, serial_shops, nicolae_lakefront_shop,
          minmay_orc_treasury
Orc:2:    grunt_orc_gardens, layout_caves, grunt_orc_garden, grunt_orc_garden,
          grunt_orc_garden, grunt_orc_garden, bh_open_orc_temple
Elf:1:    nicolae_elf_arrival_no_cutting_in_line, layout_geoelf_octagon,
          serial_shops, nicolae_shop_statue_plus, minmay_elf_crystal_hexagon,
          minivault_24
Depths:1: layout_roguey, serial_aquarium, aquarium_bridge_long_separate
          [aquarium_subvault_wall, aquarium_subvault_wall,
          aquarium_subvault_bridge, aquarium_subvault_bridge,
          aquarium_subvault_wall, aquarium_subvault_wall],
          aquarium_bridge_square [aquarium_subvault_bridge,
          aquarium_subvault_wall, aquarium_subvault_wall,
          aquarium_subvault_bridge], aquarium_window_fake, aquarium_window_fake,
          aquarium_window_2, aquarium_window_corner, aquarium_view_2d,
          aquarium_pool_2, hangedman_coc_ice_floe, minmay_misc_feat_iff,
          grunt_decor_cap, xom_teletrap_fun, uniq_bai_suzhen

Skill      XL: |  1  2  3  4  5  6  7  8  9 10 11 12 13 14 15 16 17 |
---------------+----------------------------------------------------+-----
Spellcasting   | 1 2 3 4 5 7 8 9 10 11 13 | 13.9
Ranged Weapons | 1 2 3 |  3.0
Summonings     | 1 2 3 5 |  5.0
Short Blades   | 1 2 |  2.0
Armour         | 1 4 |  4.0
Dodging        | 2 3 4 |  4.0
Evocations     | 1 3 4 5 |  5.2
Fighting       | 5 6 8 9 10 11 | 11.2
Stealth        | 7 9 10 11 12 | 12.0
Conjurations   | 2 5 6 7 9 11 13 | 13.7
Poison Magic   | 2 5 6 |  6.0
Air Magic      | 1 3 4 5 6 |  6.0
Shields        | 1 6 9 11 12 | 12.0
Fire Magic     | 2 5 7 |  7.4
Ice Magic      | 1 3 |  3.8
Translocations | 1 6 |  6.4
Necromancy     | 6 |  6.5
Maces & Flails | |  2.0

Action                     |  1- 3 |  4- 6 |  7- 9 | 10-12 | 13-15 | 16-18 || total
---------------------------+-------+-------+-------+-------+-------+-------++-------
  Melee: Mace              |   109 |    51 |       |       |       |       ||   160
         Dagger            |       |    26 |   181 |   362 |   346 |   154 ||  1069
         Punch             |       |       |     5 |     6 |       |       ||    11
         Hand axe          |       |       |    12 |     3 |       |       ||    15
         Quarterstaff      |       |       |       |    11 |       |       ||    11
         Scimitar          |       |       |       |       |     6 |     1 ||     7
   Fire: Sling             |       |    37 |    93 |       |       |       ||   130
         Shortbow          |       |       |    21 |   426 |   411 |    43 ||   901
         Longbow           |       |       |       |       |       |   178 ||   178
  Throw: Dart              |       |       |       |       |     2 |    10 ||    12
   Cast: Call Canine Famil |       |       |     1 |     2 |     2 |       ||     5
         Mephitic Cloud    |       |       |       |    37 |   174 |    66 ||   277
         Sticky Flame      |       |       |       |     2 |   145 |    53 ||   200
         Orb of Destructio |       |       |       |       |       |    99 ||    99
         Freezing Cloud    |       |       |       |       |       |    68 ||    68
         Stone Arrow       |       |       |       |       |       |    72 ||    72
         Sublimation of Bl |       |       |       |       |       |    64 ||    64
         Ozocubu's Armour  |       |       |       |       |       |     4 ||     4
         Passage of Golubr |       |       |       |       |       |     2 ||     2
Ability: Shaft Self        |       |       |     2 |     1 |     2 |     1 ||     6
         Dig               |       |       |       |       |    11 |     7 ||    18
         Evoke Invisibilit |       |       |       |       |       |     1 ||     1
  Evoke: Wand              |       |     3 |       |     8 |     5 |     5 ||    21
         Phial of floods   |       |       |       |       |     1 |       ||     1
    Use: Scroll            |       |       |     6 |     5 |    12 |     7 ||    30
         Potion            |       |       |       |     2 |     3 |     9 ||    14
   Stab: Sleeping          |     5 |     4 |       |     1 |     3 |       ||    13
         Confused          |       |       |       |     5 |    36 |    25 ||    66
         Invisible         |       |       |       |     2 |       |       ||     2
         Paralysed         |       |       |       |       |     1 |       ||     1
 Armour: Leather armour    |    27 |    19 |    56 |   154 |    84 |    42 ||   382
  Dodge: Dodged            |   105 |    60 |   168 |   265 |   225 |    98 ||   921
  Block: Kite shield       |       |       |       |   112 |   534 |   273 ||   919
         Reflection        |       |       |       |       |    26 |    36 ||    62

Table legend: (Time is in decaauts)
 A = Elapsed time spent in this place.
 B = Non-inter-level travel time spent in this place.
 C = Inter-level travel time spent in this place.
 D = Time resting spent in this place.
 E = Time spent auto-exploring this place.
 F = Levels seen in this place.
 G = Mean time per level.
                   A        B        C        D        E       F      G
               +--------+--------+--------+--------+--------+-----+--------+
         Total |  37010 |  34232 |   2778 |   9326 |  12378 |  30 | 1233.7 |
       Dungeon |  21880 |  20027 |   1853 |   4392 |   8540 |  15 | 1458.7 |
        Temple |     38 |     21 |     17 |      0 |      2 |   1 |   38.0 |
          Lair |   7195 |   6663 |    532 |   1674 |   2646 |   5 | 1439.0 |
         Swamp |   2904 |   2827 |     77 |   1705 |    294 |   3 |  968.0 |
  Orcish Mines |   3549 |   3250 |    299 |   1281 |    888 |   2 | 1774.5 |
   Elven Halls |    487 |    487 |      0 |    203 |      8 |   1 |  487.0 |
        Depths |    112 |    112 |      0 |      0 |      0 |   1 |  112.0 |
         Abyss |    753 |    753 |      0 |     37 |      0 |   1 |  753.0 |
      Ice Cave |     88 |     88 |      0 |     33 |      0 |   1 |   88.0 |
               +--------+--------+--------+--------+--------+-----+--------+

Top non-repeatable levels by time:
 Swamp:2: 2118 daAuts
     D:9: 1963 daAuts
    D:12: 1957 daAuts
    D:10: 1911 daAuts
   Orc:1: 1857 daAuts
    D:15: 1822 daAuts
  Lair:4: 1815 daAuts
   Orc:2: 1691 daAuts
     D:5: 1656 daAuts
  Lair:5: 1617 daAuts
     D:8: 1611 daAuts
    D:14: 1427 daAuts
     D:7: 1349 daAuts
    D:13: 1342 daAuts
  Lair:2: 1334 daAuts
